Map: Frozen Temple

Players

NeXa

  • Race: Protoss Protoss
  • League: Master

Miszu - Winner!

  • Race: Protoss Protoss
  • League: Master

VOD

Have the link to the VOD?

Description

Time

  • Played on: June 1, 2016, 4:30 p.m.
  • Length: 1:31
Show
View Real Time Build Order
Export as new Build Order

NeXa Protoss 

Build Orders:  

Get SALT Encoding   

  12  0:02  Probe (Chrono Boost)  
  13  0:12  Probe (Chrono Boost)  
  14  0:21  Pylon  
  14  0:24  Probe (Chrono Boost)  
  15  0:40  Probe (Chrono Boost)  
  16  0:44  Gateway  
  16  0:48  Assimilator  
  16  0:53  Assimilator  
  16  0:58  Probe (Chrono Boost)  
  16  1:02  Assimilator  
  17  1:08  Probe (Chrono Boost)  
  18  1:16  Gateway  
  18  1:20  Gateway  
Show
View Real Time Build Order
Export as new Build Order

Miszu Protoss - Winner!

Build Orders:  

Get SALT Encoding   

  12  0:01  Probe (Chrono Boost)  
  13  0:11  Probe (Chrono Boost)  
  14  0:18  Pylon  
  14  0:22  Probe (Chrono Boost)  
  15  0:36  Probe (Chrono Boost)  
  15  0:42  Gateway  
  16  0:47  Probe (Chrono Boost)  
  17  0:55  Assimilator  
  17  0:57  Probe (Chrono Boost)  
  18  1:08  Probe (Chrono Boost)  
  20  1:28  Gateway  
  20  1:29  Cybernetics Core  
Tags
 
Add a new tag
Caveats
  • Supply blocks, unpowered buildings, or Contaminate may cause inaccurate times.
  • Supply counts are checked every 10 seconds.